 Dungeon Crawl Stone Soup version 0.29.1-4-g47bece8355 (webtiles) character file.

Game seed: 7580368839307752977

6 Hercules1031 the Thaumaturge (level 1, -3/13 HPs)
             Began as a Gnoll Wanderer on Dec 11, 2022.
             Slain by a gnoll
             ... wielding a +0 flail
              (5 damage)
             ... on level 1 of the Dungeon.
             The game lasted 00:01:19 (529 turns).

Hercules1031 the Thaumaturge (Gnoll Wanderer)        Turns: 529, Time: 00:01:19

Health: -3/13      AC:  2    Str:  8    XL:     1   Next: 90%
Magic:  10/10      EV: 12    Int: 12    God:
Gold:   0          SH:  0    Dex: 13    Spells: 18/18 levels left

rFire   . . .      SeeInvis .   a - +0 dagger
rCold   . . .      Faith    .   (no shield)
rNeg    . . .      Spirit   .   d - +0 robe
rPois   .          Reflect  .   (no helmet)
rElec   .          Harm     .   (no cloak)
rCorr   .          Rampage  .   (no gloves)
Will    .....                   (no boots)
Stlth   +.........              (no amulet)
HPRegen 0.04/turn               (no ring)
MPRegen 0.12/turn               (no ring)

@: no status effects
A: fangs 1, strong nose, distributed training
a: no special abilities


You were on level 1 of the Dungeon.
You visited 1 branch of the dungeon, and saw 1 of its levels.

Inventory:

Hand Weapons
 a - a +0 dagger (weapon)
Armour
 d - a +0 robe (worn)
 f - a +0 buckler
Wands
 e - a wand of charming (13) (quivered)
Scrolls
 g - a scroll of fog {unknown}
Potions
 b - a potion of curing
 c - a potion of lignification


   Skills:
 + Level 0.2 Fighting
 + Level 0.2 Short Blades
 + Level 0.2 Long Blades
 + Level 0.2 Axes
 + Level 0.2 Maces & Flails
 + Level 0.2 Polearms
 + Level 0.2 Staves
 + Level 0.2 Ranged Weapons
 + Level 0.2 Throwing
 + Level 0.2 Armour
 + Level 2.4 Dodging
 + Level 0.2 Stealth
 + Level 0.2 Shields
 + Level 0.2 Unarmed Combat
 + Level 9.2 Spellcasting
 + Level 0.1 Conjurations
 + Level 0.1 Hexes
 + Level 0.1 Summonings
 + Level 0.1 Necromancy
 + Level 0.1 Translocations
 + Level 0.1 Transmutations
 + Level 0.1 Fire Magic
 + Level 0.1 Ice Magic
 + Level 0.1 Air Magic
 + Level 0.1 Earth Magic
 + Level 0.1 Poison Magic
 + Level 2.4 Invocations
 + Level 8.4 Evocations


You had 18 spell levels left.
You didn't know any spells.
Your spell library contained the following spells:

 Spells                   Type           Power      Damage    Failure   Level
 Searing Ray              Conj           10%        2d4       19%         2
 Static Discharge         Conj/Air       5%         3-4/arc   19%         2
 Tukima's Dance           Hex            5%         N/A       36%         3
 Passage of Golubria      Tloc           5%         N/A       77%         4
 Yara's Violent Unravell  Hex/Tmut       2%         3d3       98%         5


Dungeon Overview and Level Annotations

Branches:
Dungeon (1/15)

Altars:


Innate Abilities, Weirdness & Mutations

You have very sharp teeth.
Your uncanny sense of smell can sniff out nearby items.
Your experience applies equally to all skills.


Message History

Found a stone staircase leading down.
You pick up Great Wizards, Vol.
VII and begin reading...
You add the spells Tukima's Dance, Passage of Golubria and Yara's Violent Unravelling to your library.
A bat comes into view.
A bat is nearby!
The bat hits you but does no damage.
You hit the bat.
You kill the bat!
Found a buckler.
Found a buckler.
You see here a +0 buckler.
f - a +0 buckler A kobold comes into view.
It is wielding a +0 dagger.
Found a scroll labelled ALIMEH KIXTOP.
The helpless kobold fails to defend itself.
You hit the kobold.
You kill the kobold!
g - a scroll labelled ALIMEH KIXTOP
Found a dagger.
A gnoll comes into view. It is wielding a +0 flail.
The gnoll shouts!
A gnoll is nearby!
You hit the gnoll.
The gnoll is moderately wounded.
The gnoll closely misses you.
You hit the gnoll but do no damage.
The gnoll is moderately wounded.
The gnoll misses you.
You hit the gnoll. You bite the gnoll, but do no damage.
The gnoll is heavily wounded.
The gnoll misses you.
You hit the gnoll but do no damage. You bite the gnoll, but do no damage.
The gnoll is heavily wounded.
The gnoll hits you with a +0 flail!
Ouch! That really hurt!
* * * LOW HITPOINT WARNING * * *
You hit the gnoll.
The gnoll is severely wounded.
The gnoll hits you with a +0 flail.
You die...

# #. #........ # #.#.
#...##### .##.#.##
#...##### ......##
#...#...# .
#.#...#######........
..##.......)............
....................)...
..##....................
.......@.#######........
.###.##g## #...#...# #
#.# #...##### #.# ♣♣♣.#
### ..# ♣♣# #.. ..##.
#.. #..##.#♣ #..
##.......♣♣♣♣♣####.. ..
#............#..


You could see a gnoll.

Vanquished Creatures
  2 bats (D:1)
  An endoplasm (D:1)
  A giant cockroach (D:1)
  A kobold (D:1)
5 creatures vanquished.

Notes
Turn   | Place    | Note
-------+----------+-------------------------------------------
     0 | D:1      | Reached skill level 9 in Spellcasting
     0 | D:1      | Hercules1031 the Gnoll Wanderer began the quest for the
                  | Orb.
     0 | D:1      | Hercules1031 set off with the following items: a +0 dagger,
                  | a potion of curing, a potion of lignification, a +0 robe, a
                  | wand of charming (13); and the following spells available
                  | to memorise: Searing Ray, Static Discharge.
     0 | D:1      | Reached XP level 1. HP: 13/13 MP: 10/10
   272 | D:1      | Found a faded altar of an unknown god.
   529 | D:1      | Slain by a gnoll

Illustrated notes

Levels and vault maps discovered:
D:1:      wander_arrival_lonely_grave, layout_loops_cross,
          dreamdust_ecumenical_altar_grove, serial_forest,
          infiniplex_forest_end_1, infiniplex_forest_straight_2,
          infiniplex_forest_lined_3_way, infiniplex_forest_lined_3, minivault_5

Skill      XL: | |
---------------+-+-----
Spellcasting   | |  9.2
Fighting       | |  0.2
Short Blades   | |  0.2
Long Blades    | |  0.2
Axes           | |  0.2
Maces & Flails | |  0.2
Polearms       | |  0.2
Staves         | |  0.2
Ranged Weapons | |  0.2
Throwing       | |  0.2
Armour         | |  0.2
Dodging        | |  2.4
Stealth        | |  0.2
Shields        | |  0.2
Unarmed Combat | |  0.2
Conjurations   | |  0.1
Hexes          | |  0.1
Summonings     | |  0.1
Necromancy     | |  0.1
Translocations | |  0.1
Transmutations | |  0.1
Fire Magic     | |  0.1
Ice Magic      | |  0.1
Air Magic      | |  0.1
Earth Magic    | |  0.1
Poison Magic   | |  0.1
Invocations    | |  2.4
Evocations     | |  8.4

Action                   || total
-------------------------++-------
Melee: Dagger            ||    37
       Bite              ||     5
 Stab: Sleeping          ||     2
Armor: Robe              ||     4
Dodge: Dodged            ||    23
